Map: Alcyone LE

Players

TonyCannolli - Winner!

  • Race: Terran Terran
  • League: Platinum
  • Spawn Location: 1:00

gunbelch

  • Race: Zerg Zerg
  • League: Platinum
  • Spawn Location: 7:00

VOD

Have the link to the VOD?

Description

Time

  • Played on: Oct. 19, 2023, 3:08 a.m.
  • Length: 22:07
Show
View Real Time Build Order
Export as new Build Order

TonyCannolli Terran - Winner!

Build Orders: 2 Factory, Cyclone Opening, Mech 

Get SALT Encoding   

  12  0:00  SCV  
  13  0:12  SCV  
  14  0:23  Supply Depot  
  14  0:25  SCV  
  15  0:33  Refinery  
  15  0:44  SCV  
  15  0:45  Barracks  
  16  0:56  SCV  
  17  1:08  SCV  
  17  1:09  Refinery  
  18  1:20  SCV  
  19  1:33  SCV  
  19  1:35  Supply Depot  
  20  1:42  Factory  
  20  1:44  Barracks Reactor  
  20  1:49  Orbital Command  
  20  2:16  SCV  
  20  2:19  Supply Depot  
  21  2:39  SCV  
  21  2:41  Barracks Tech Lab  
  22  2:44  Command Center  
  22  2:47  Engineering Bay  
  22  2:54  Cyclone  
  24  3:00  SCV  
  25  3:06  Cyclone  
  27  3:13  SCV  
  27  3:16  Marauder  
  30  3:27  Factory  
  30  3:31  Cyclone  
  32  3:36  SCV  
  33  3:43  Cyclone  
  33  3:48  SCV  
  36  3:55  Armory  
  36  4:02  Orbital Command  
  36  4:11  Starport  
  36  4:13  Factory Reactor  
  36  4:28  Cyclone x2  
  40  4:31  Marine  
  40  4:36  Orbital Command  
  41  4:50  Cyclone x2  
  45  5:00  Cyclone  
  45  5:28  Liberator  
  48  5:32  Factory  
  48  5:33  Starport  
  48  5:35  SCV x2  
  50  5:37  Hellion  
  50  5:38  Hellion  
  54  5:46  Supply Depot  
  54  6:07  SCV x2  
  54  6:08  Hellion  
  58  6:19  SCV  
  58  6:20  SCV  
  58  6:23  Factory Tech Lab  
  58  6:25  Starport Reactor x2  
  54  7:01  Siege Tank  
  54  7:07  Refinery  
  54  7:09  Refinery  
  54  7:11  SCV  
  54  7:12  SCV  
  56  7:15  Cyclone, Command Center  
  56  7:16  Cyclone  
  60  7:24  Terran Vehicle Weapons Level 1, Supply Depot, SCV x2  
  62  7:46  Siege Tank, SCV x2  
  62  7:48  Supply Depot  
  62  7:49  Terran Infantry Weapons Level 1, Supply Depot  
  67  7:51  Supply Depot  
  67  7:58  SCV x2  
  69  8:03  Barracks  
  69  8:05  Barracks  
  69  8:10  SCV x2  
  74  8:20  Siege Tank  
  74  8:22  SCV x2  
  74  8:26  Liberator x2  
  82  8:34  SCV x2  
  82  8:38  Refinery  
  82  8:39  Refinery  
  75  8:46  SCV x2  
  73  8:52  Siege Tank  
  73  8:55  Cyclone x3  
  78  8:57  Barracks Tech Lab x2  
  82  9:11  Orbital Command  
  82  9:20  Factory  
  82  9:21  Marauder  
  82  9:22  Marauder x2  
  82  9:24  Siege Tank, Concussive Shells  
  91  9:27  Cyclone x2  
  95  9:43  Marauder x3  
  101  9:56  Siege Tank  
  101  9:59  Starport  
  104  10:04  Marauder x2  
  104  10:05  Factory  
  108  10:08  Supply Depot  
  108  10:10  Supply Depot  
  108  10:12  Supply Depot  
  108  10:13  Terran Vehicle Weapons Level 2, Marauder  
  110  10:25  Missile Turret x2, Marauder  
  112  10:29  Missile Turret  
  112  10:34  Missile Turret  
  112  10:45  Factory Tech Lab  
  112  10:47  Starport Tech Lab  
  112  10:50  Viking  
  112  10:51  Factory Tech Lab  
  114  11:14  Thor x2  
  123  11:23  Hurricane Engines  
  117  11:33  SCV  
  117  11:37  SCV  
  119  11:45  SCV  
  120  11:55  Thor  
  120  11:57  SCV  
  124  12:01  Barracks Tech Lab  
  115  12:09  SCV  
  106  12:28  Marauder  
  106  12:29  Marauder  
  110  12:32  Thor x2  
  110  12:34  Cyclone x3  
  110  12:35  Cyclone  
  130  12:40  SCV x2  
  130  12:42  SCV  
  133  12:50  Marauder x2  
  137  12:52  SCV  
  138  12:59  Missile Turret  
  138  13:00  Missile Turret  
  138  13:01  Missile Turret  
  138  13:02  Missile Turret  
  92  14:09  Marauder x2  
  92  14:12  Cyclone x7  
  107  14:17  SCV  
  107  14:28  Banshee  
  107  14:29  SCV  
  107  14:30  Viking  
  107  14:31  Viking x3, Marauder x2  
  121  14:32  Command Center  
  123  14:41  SCV  
  123  14:42  Armory  
  123  14:44  Cyclone x3  
  130  14:53  SCV  
  131  15:05  SCV  
  132  15:13  Siege Tank  
  132  15:14  Siege Tank x2  
  141  15:23  Stimpack  
  141  15:25  Refinery  
  141  15:26  Refinery  
  141  15:34  Supply Depot  
  141  15:35  Supply Depot  
  141  15:40  Supply Depot  
  141  15:44  Planetary Fortress, Marauder, Medivac  
  141  15:46  Siege Tank x2  
  151  15:57  Cyclone x4  
  151  16:03  Smart Servos  
  159  16:05  Banshee  
  159  16:09  Terran Vehicle And Ship Armor Level 1  
  162  16:11  SCV x2  
  164  16:33  Siege Tank x3  
  164  16:37  Medivac x2  
  177  16:40  Marauder  
  167  16:48  Banshee  
  157  17:21  Cyclone x4  
  157  17:22  Cyclone x3  
  169  17:46  Marauder x2  
  169  17:50  Viking x2  
  169  17:51  Viking x3  
  157  17:53  Cyclone x2  
  147  18:07  Marauder  
  149  18:12  Terran Vehicle And Ship Armor Level 2  
  149  18:13  Terran Vehicle Weapons Level 3  
  149  18:15  Terran Infantry Weapons Level 2  
  149  18:19  Marauder  
  151  18:29  Marauder  
  153  18:41  Marauder  
  153  21:34  Command Center  
Show
View Real Time Build Order
Export as new Build Order

gunbelch Zerg 

Build Orders: Hatch First 

Get SALT Encoding   

  12  0:03  Drone  
  13  0:12  Drone  
  14  0:19  Overlord  
  14  0:43  Hatchery  
  14  0:45  Drone  
  14  0:51  Drone  
  14  0:54  Drone  
  16  0:58  Extractor  
  16  0:59  Drone  
  16  1:07  Drone  
  17  1:21  Spawning Pool  
  17  1:24  Drone  
  17  1:29  Drone  
  18  1:39  Drone  
  19  2:08  Queen x2  
  21  2:09  Metabolic Boost  
  21  2:10  Zergling x4, Overlord  
  25  2:16  Overlord  
  25  2:23  Drone x2  
  25  2:25  Drone  
  28  2:32  Drone  
  28  2:33  Drone  
  30  2:47  Queen  
  30  2:48  Queen  
  34  2:54  Drone x2  
  34  2:55  Drone  
  38  2:58  Drone  
  38  3:07  Zergling x4  
  40  3:15  Spine Crawler  
  39  3:25  Queen x2, Spine Crawler  
  42  3:27  Zergling x2  
  42  3:31  Overlord  
  43  3:40  Zergling x2  
  44  3:50  Spore Crawler  
  44  3:52  Drone, Spore Crawler  
  44  3:53  Drone x5  
  48  4:10  Lair, Queen  
  48  4:12  Drone  
  48  4:13  Drone  
  48  4:14  Overlord  
  52  4:37  Spore Crawler  
  51  4:38  Drone, Spore Crawler  
  51  4:39  Drone x7, Spore Crawler  
  51  4:40  Spore Crawler  
  56  4:52  Zergling x8  
  56  5:21  Queen  
  56  5:22  Queen  
  56  5:24  Overlord x3  
  60  5:36  Roach Warren  
  60  5:41  Extractor  
  59  5:42  Drone  
  59  5:43  Drone x8  
  59  5:49  Zergling x12  
  73  5:55  Extractor x2  
  64  6:27  Overlord x4  
  64  6:30  Zergling x8  
  64  6:31  Overlord x2  
  62  6:57  Zergling x2  
  62  6:58  Zergling x14  
  61  7:08  Glial Reconstitution  
  61  7:13  Drone  
  61  7:15  Drone x3  
  65  7:19  Drone  
  65  7:21  Drone x3  
  69  7:25  Roach  
  69  7:26  Roach  
  73  7:32  Overlord  
  73  7:40  Roach x3  
  73  7:41  Roach x4  
  73  7:44  Queen x2  
  87  7:45  Roach  
  87  7:50  Roach  
  95  7:54  Spire  
  95  7:57  Roach  
  96  8:01  Roach  
  98  8:09  Roach x5  
  98  8:11  Roach x2  
  112  8:17  Roach  
  112  8:19  Infestation Pit  
  113  8:36  Roach  
  113  8:37  Roach x5  
  115  8:41  Ravager  
  115  8:43  Ravager  
  115  8:47  Ravager  
  115  8:48  Ravager  
  117  8:50  Zergling x2, Roach  
  117  8:51  Zergling x6  
  123  9:05  Hatchery  
  123  9:09  Roach  
  124  9:11  Hatchery  
  124  9:13  Overlord x4  
  123  9:56  Mutalisk  
  123  9:57  Mutalisk x6  
  137  10:02  Zergling x10  
  142  10:10  Queen x2  
  142  10:12  Roach  
  142  10:13  Roach x4  
  156  10:14  Overlord  
  156  10:19  Zerg Flyer Weapons Level 1  
  156  10:28  Zergling x2  
  156  10:29  Zergling x8  
  161  10:46  Drone x4  
  161  10:47  Drone x5  
  170  11:01  Mutalisk  
  170  11:02  Mutalisk x2  
  176  11:05  Overlord x5  
  176  11:06  Overlord  
  176  11:31  Mutalisk  
  176  11:32  Mutalisk x4  
  186  11:36  Roach  
  186  11:37  Roach  
  190  11:50  Extractor x2  
  94  12:18  Roach x13  
  94  12:19  Roach x5  
  116  12:32  Zergling x28  
  116  12:33  Zergling x8  
  134  12:39  Hive, Evolution Chamber  
  134  12:40  Drone x2, Evolution Chamber  
  134  13:02  Roach  
  134  13:03  Roach x8  
  134  13:04  Roach  
  146  13:13  Roach  
  146  13:14  Roach x3  
  154  13:43  Roach  
  154  13:44  Roach x12  
  154  13:46  Ravager  
  154  13:47  Ravager  
  154  13:48  Ravager  
  155  14:01  Roach x6  
  155  14:06  Ravager  
  155  14:08  Ravager  
  155  14:09  Ravager  
  156  14:11  Ravager  
  156  14:13  Ravager  
  156  14:15  Ravager x2  
  160  14:20  Zerg Missile Weapons Level 1  
  160  14:27  Zergling x10  
  160  14:28  Zergling x14  
  172  14:34  Drone  
  172  14:35  Drone x3  
  176  15:08  Ultralisk Cavern  
  176  15:09  Drone  
  176  15:21  Hydralisk Den  
  175  15:22  Zerg Ground Armor Level 1  
  175  15:29  Drone x4, Extractor  
  175  15:30  Drone x2  
  175  15:31  Extractor  
  179  15:58  Ultralisk  
  179  15:59  Ultralisk x2  
  197  16:15  Zerg Melee Weapons Level 1  
  197  16:30  Hydralisk  
  199  16:36  Grooved Spines  
  191  16:49  Hydralisk  
  191  16:51  Hydralisk  
  191  16:52  Hydralisk x12  
  181  17:04  Roach  
  181  17:05  Roach x17  
  181  17:06  Roach x4  
  165  17:08  Roach  
  165  17:10  Zergling x2  
  165  17:11  Zergling x2  
  155  17:24  Roach x6  
  155  17:27  Muscular Augments  
  167  17:35  Roach x5  
  167  17:36  Roach  
  143  17:45  Roach x4  
  143  17:47  Roach  
  143  17:49  Roach  
  91  18:00  Zergling x2  
  91  18:01  Zergling x14  
  91  18:02  Zergling x2  
  68  18:14  Zergling x2  
  68  18:15  Zergling x12  
  62  18:23  Viper  
  65  18:28  Roach  
Tags
 
Add a new tag
Caveats
  • Supply blocks, unpowered buildings, or Contaminate may cause inaccurate times.
  • Supply counts are checked every 10 seconds.